 Dungeon Crawl Stone Soup version 0.29.1-2-gbd0b4ee654 (webtiles) character file.

Game seed: 1050093348008333379

480 safid the Shooter (level 6, -1/87 HPs)
             Began as a Minotaur Hunter on Nov 28, 2022.
             Slain by Natasha (7 damage)
             ... on level 4 of the Dungeon.
             The game lasted 00:07:53 (3737 turns).

safid the Shooter (Minotaur Hunter)                 Turns: 3737, Time: 00:07:53

Health: -1/87      AC: 23    Str: 15    XL:     6   Next: 86%
Magic:  4/4        EV:  2    Int:  9    God:
Gold:   155        SH:  0    Dex: 16    Spells: 5/5 levels left

rFire   . . .      SeeInvis .   a - +0 shortbow
rCold   . . .      Faith    +   (shield currently unavailable)
rNeg    . . .      Spirit   .   (body armour currently unavailable)
rPois   +          Reflect  .   (helmet currently unavailable)
rElec   +          Harm     .   (cloak currently unavailable)
rCorr   .          Rampage  .   (gloves currently unavailable)
Will    .....      NoTele   +   (boots currently unavailable)
Stlth   ++........              n - amulet "Hodixual" {Faith rElec rPois Int+3}
HPRegen 0.24/turn               (no ring)
MPRegen 0.09/turn               (no ring)

@: tree-form, attractive
A: stationary, stasis, torment immunity, boosted hp, (horns 2), (retaliatory
headbutt), (cold resistance 1), low MP 1
a: no special abilities


You were on level 4 of the Dungeon.
You were a tree.
You visited 1 branch of the dungeon, and saw 4 of its levels.

You collected 155 gold pieces.

Inventory:

Hand Weapons
 a - a +0 shortbow (weapon)
 g - the +3 whip "Leitesio" {venom, +Blink Str+3}
   (You found it on level 2 of the Dungeon)

   It poisons the flesh of those it strikes.
   Str:       It affects your strength (+3).
   +Blink:    It lets you blink.
Missiles
 h - 6 silver javelins
Armour
 c - a +1 cloak (melded)
 d - a +0 scale mail (melded)
Jewellery
 n - the amulet "Hodixual" (around neck) {Faith rElec rPois Int+3}
   (You found it on level 3 of the Dungeon)

   [amulet of faith]

   It allows you to gain divine favour quickly.
   Int:       It affects your intelligence (+3).
   rElec:     It insulates you from electricity.
   rPois:     It protects you from poison.
 p - an amulet of reflection
Scrolls
 b - 2 scrolls of identify {unknown}
 f - a scroll of fear {unknown}
 i - 2 scrolls of teleportation {unknown}
 j - a scroll of poison {unknown}
 l - a scroll of enchant weapon {unknown}
 o - a scroll of blinking {unknown}
Potions
 e - a potion of curing {unknown}
 k - a potion of lignification
 m - a potion of haste {unknown}
 r - a potion of mutation
 s - a potion of cancellation {unknown}
 t - a potion of degeneration {unknown}
 u - a potion of flight {unknown}


   Skills:
 + Level 6.5 Fighting
 + Level 7.1 Ranged Weapons
 - Level 2.1 Dodging
 - Level 0.7 Stealth


You had 5 spell levels left.
You didn't know any spells.
Your spell library contained the following spells:

 Spells                   Type           Power      Damage    Failure   Level
 Sandblast                Erth           0%         2d4       38%         1
 Passwall                 Tmut/Erth      0%         N/A       52%         2
 Stone Arrow              Conj/Erth      0%         3d7       77%         3


Dungeon Overview and Level Annotations

Branches:
Dungeon (4/15)
 Temple: D:4-7

Altars:

Annotations:
D:2 1 runed translucent door, Crazy Yiuf
D:4 3 runed translucent doors, Mune's ghost, novice MiBe; Natasha


Innate Abilities, Weirdness & Mutations

You are a tree.
Your roots penetrate the ground, keeping you stationary.
You cannot be teleported.
You are immune to unholy pain and torment.
Your maximum health is greatly increased.
Your equipment is partially melded.
((You have a pair of horns on your head.))
((You reflexively headbutt those who attack you in melee.))
((Your flesh is cold resistant. (rC+)))
Your magical capacity is low. (-10% MP)


Message History

* * * LOW HITPOINT WARNING * * *
Unknown command.
Fire: a) +0 shortbow
Press: ? - help, Q - select action, (/) - cycle Shift-Dir - straight line, f/p - Natasha
Aim: Natasha (heavily wounded, 60% to hit)
You shoot an arrow. The arrow closely misses Natasha.
Natasha barely misses you.
Unknown command.
Fire: a) +0 shortbow
Press: ? - help, Q - select action, (/) - cycle Shift-Dir - straight line, f/p - Natasha
Aim: Natasha (heavily wounded, 60% to hit)
You shoot an arrow. The arrow closely misses Natasha.
The arrow hits the dart slug.
The dart slug is heavily wounded.
Natasha claws you.
* * * LOW HITPOINT WARNING * * *
It was a potion of attraction.
You feel attractive to monsters.
The crimson imp blinks!
Natasha closely misses you.
It was a potion of mutation.
You feel extremely strange.
You feel frail.
You feel resistant to cold.
You feel less energetic.
You feel robust. Natasha claws you.
* * * LOW HITPOINT WARNING * * *
Fire: a) +0 shortbow
Press: ? - help, Q - select action, (/) - cycle Shift-Dir - straight line, f/p - Natasha
Aim: Natasha (heavily wounded, 60% to hit)
You shoot an arrow. The arrow completely misses Natasha.
The arrow hits the dart slug.
The dart slug is heavily wounded.
Natasha claws you.
* * * LOW HITPOINT WARNING * * *
The crimson imp shouts, "Scamper away, thou bawdy two-tin-hat baggage!"
The crimson imp blinks!
Natasha closely misses you.
The crimson imp is attracted toward you.
It was a potion of lignification.
You turn into a tree.
Your +1 cloak melds into your body.
Your +0 scale mail melds into your body.
Your roots penetrate the ground.
Natasha claws you!
You die...

.......# #
................####
.......#
..#.............#.####
.......# ....
..#.....##.#...
...####.#.####.#.## #
#..##..#.# #.. #.
#.#..#..# ..# ..
#...##.## .#
#§####..###..
#.†wh♣..# ...#
#.†.#5###....### ....#
#.. #......# ...
.....[.#.#.. .
######....# # #....#
..=.# #####


You could see Natasha, a crimson imp (summoned) and a dart slug.

Vanquished Creatures
  Sigmund (D:4)
  An ice beast (D:4)
  A hound (D:4)
  A jelly (D:4)
  Robin (D:3)
  5 adders
  A worm (D:2)
  2 dart slugs
  3 orcs (D:4)
  9 ball pythons
  7 bats
  9 endoplasms
  5 giant cockroaches
  14 goblins
  11 hobgoblins
  2 jackals (D:2)
  6 quokkas
  13 frilled lizards
  4 kobolds
  2 rats
98 creatures vanquished.

Vanquished Creatures (others)
  7 plants (D:2)
7 creatures vanquished.

Grand Total: 105 creatures vanquished

Notes
Turn   | Place    | Note
-------+----------+-------------------------------------------
     0 | D:1      | safid the Minotaur Hunter began the quest for the Orb.
     0 | D:1      | Reached XP level 1. HP: 18/18 MP: 0/0
   182 | D:1      | Reached XP level 2. HP: 25/25 MP: 1/1
   942 | D:2      | Reached skill level 5 in Ranged Weapons
   942 | D:2      | Reached XP level 3. HP: 31/31 MP: 2/2
   954 | D:2      | Identified the +3 whip "Leitesio" {venom, +Blink Str+3}
  1232 | D:2      | Reached XP level 4. HP: 40/40 MP: 3/3
  1289 | D:2      | Found a runed translucent door.
  1290 | D:2      | Noticed Crazy Yiuf
  1927 | D:3      | Found a faded altar of an unknown god.
  2002 | D:3      | Identified the amulet "Hodixual" {Faith rElec rPois Int+3}
  2113 | D:3      | Noticed Robin
  2872 | D:3      | Killed Robin
  3179 | D:4      | Reached XP level 5. HP: 33/47 MP: 4/4
  3181 | D:4      | Reached skill level 5 in Fighting
  3181 | D:4      | Reached skill level 6 in Ranged Weapons
  3320 | D:4      | Found a runed translucent gate.
  3320 | D:4      | Found a runed translucent gate.
  3320 | D:4      | Found a runed translucent gate.
  3321 | D:4      | Noticed Mune's ghost (novice MiBe)
  3437 | D:4      | Noticed an ice beast
  3446 | D:4      | Killed an ice beast
  3447 | D:4      | Reached XP level 6. HP: 57/57 MP: 5/5
  3484 | D:4      | Noticed Sigmund
  3521 | D:4      | Killed Sigmund
  3522 | D:4      | Reached skill level 7 in Ranged Weapons
  3716 | D:4      | Noticed Natasha
  3735 | D:4      | Gained mutation: You are frail. (-10% HP) [potion of
                  | mutation]
  3735 | D:4      | Gained mutation: Your flesh is cold resistant. (rC+)
                  | [potion of mutation]
  3735 | D:4      | Gained mutation: Your magical capacity is low. (-10% MP)
                  | [potion of mutation]
  3735 | D:4      | Lost mutation: You are frail. (-10% HP) [potion of
                  | mutation]
  3737 | D:4      | Slain by Natasha

Illustrated notes

Levels and vault maps discovered:
D:1:      lemuel_arrival_funnel, layout_loops_ring
D:2:      layout_loops_cross, minmay_lizard_king, uniq_crazy_yiuf_cottage
D:3:      layout_rooms, nicolae_ecumenical_pavilion, uniq_robin
D:4:      layout_rooms, grunt_temple_overflow_gold_and_silver,
          gammafunk_ghost_necromancy, uniq_natasha, uniq_sigmund

Skill      XL: |  1  2  3  4  5  6 |
---------------+-------------------+-----
Fighting       | 3 4 5 6 |  6.5
Ranged Weapons | 5 6 7 |  7.1
Dodging        | |  2.1
Stealth        | |  0.7

Action                   |  1- 3 |  4- 6 || total
-------------------------+-------+-------++-------
 Fire: Shortbow          |   106 |   200 ||   306
  Use: Potion            |       |     3 ||     3
Armor: Scale mail        |    44 |    69 ||   113
Dodge: Dodged            |    46 |    80 ||   126
